 Dungeon Crawl Stone Soup version 0.30-a0-728-gc68057be0a (webtiles) character file.

Game seed: 7691899636793316254

1579984 browni3141 the Messiah (level 27, 269/269 HPs)
             Began as a Hill Orc Fighter on Feb 1, 2023.
             Was the Champion of Beogh.
             Escaped with the Orb
             ... and 3 runes!
             The game lasted 03:03:03 (78466 turns).

browni3141 the Messiah (Hill Orc Fighter)          Turns: 78466, Time: 03:03:04

Health: 269/269    AC: 43    Str: 33    XL:     27
Magic:  5/40       EV: 11    Int:  4    God:    Beogh [******]
Gold:   4904       SH: 36    Dex: 10    Spells: 26/26 levels left

rFire   + + +      SeeInvis +    n - +9 broad axe (freeze)
rCold   + + .      Faith    .    W - +8 tower shield
rNeg    + . .      Spirit   .    Y - +10 plate armour of Compression {rElec rF+}
rPois   +          Reflect  +    X - +0 mask of the Dragon {Will+ Slay+3 SInv}
rElec   +          Harm     .    h - +2 cloak {Will+}
rCorr   .          Rampage  .    C - +3 Mad Mage's Maulers {Infuse+∞ VampMP -Cast}
Will    +++++      NoCast   +    c - +2 pair of boots Stlth
                                 A - amulet "Mougov" {Reflect rElec SH+5}
HPRegen 0.64/turn                O - ring "Tiraud" {rPois rF+ rC++ Int-4 Stlth+}
MPRegen 0.27/turn                V - ring "Suchas" {+Blink rF+ rN+ Will+}

@: studying Necromancy
A: walk on water, talons 1, poison resistance
0: Orb of Zot
}: 3/15 runes: decaying, serpentine, silver
a: Renounce Religion, Evoke Blink, Smiting, Recall Orcish Followers, Give Item
to Named Follower, Resurrection


You escaped.
You worshipped Beogh.
Beogh was exalted by your worship.
You visited 10 branches of the dungeon, and saw 48 of its levels.
You visited the Abyss 1 time.
You visited 1 bazaar.
You also visited: Bailey, Ice Cave and Wizlab.

You collected 7605 gold pieces.
You spent 2701 gold pieces at shops.

Inventory:

Hand Weapons
 n - a +9 broad axe of freezing (weapon)
 t - the +16 obsidian axe {drain, demonic, Mesm Drain Fly SInv}
   (You found it in an ice cave)

   Mesm:      Its wielder is mesmerised by any visible foes, and it cannot be
   unequipped while any foes are visible.
   SInv:      It lets you see invisible.
   Fly:       It grants you flight.
   Drain:     It drains your maximum health when unequipped.
Missiles
 l - 4 throwing nets
 w - 42 boomerangs (quivered)
 D - 5 boomerangs of dispersal
 S - 9 curare-tipped darts
Armour
 a - the +10 chain mail "Huneocko" {Slay+5}
   (You found it on level 2 of the Vaults)

   Slay:      It affects your accuracy & damage with ranged weapons and melee
   (+5).
 c - a +2 pair of boots (worn)
 h - a +2 cloak of willpower (worn)
 C - the +3 Mad Mage's Maulers (worn) {Infuse+∞ VampMP -Cast}
   (You found it on level 4 of the Swamp)

   Infuse+∞: It empowers its wearer's blows with all of their magic.
   VampMP:    Blows struck in melee replenish the wearer's magic.
   -Cast:     It prevents spellcasting.
 W - a +8 tower shield (worn)
 X - the +0 mask of the Dragon (worn) {Will+ Slay+3 SInv}
   (You found it on level 5 of the Vaults)

   Slay:      It affects your accuracy & damage with ranged weapons and melee
   (+3).
   SInv:      It lets you see invisible.
   Will:      It increases your willpower.
 Y - the +10 plate armour of Compression (worn) {rElec rF+}
   (You found it on level 3 of the Crypt)

   rF:        It protects you from fire.
   rElec:     It insulates you from electricity.
Jewellery
 i - a ring of willpower
 A - the amulet "Mougov" (around neck) {Reflect rElec SH+5}
   (You bought it in a shop on level 2 of the Vaults)

   [amulet of reflection]

   It reflects blocked missile attacks.
   rElec:     It insulates you from electricity.
   SH:        It affects your SH (+5).
 O - the ring "Tiraud" (left hand) {rPois rF+ rC++ Int-4 Stlth+}
   (You acquired it on level 3 of the Depths)

   [ring of protection from fire]

   Int:       It affects your intelligence (-4).
   rF:        It protects you from fire.
   rC:        It greatly protects you from cold.
   rPois:     It protects you from poison.
   Stlth:     It makes you more stealthy.
 Q - a ring of resist corrosion
 V - the ring "Suchas" (right hand) {+Blink rF+ rN+ Will+}
   (You found it on level 15 of the Dungeon)

   [ring of positive energy]

   rF:        It protects you from fire.
   rN:        It protects you from negative energy.
   +Blink:    It lets you blink.
   Will:      It increases your willpower.
Wands
 d - a wand of roots (63)
 o - a wand of polymorph (3)
 G - a wand of mindburst (50)
 K - a wand of charming (39)
 N - a wand of digging (1)
 P - a wand of light (27)
Scrolls
 j - 10 scrolls of vulnerability
 k - 4 scrolls of fog
 r - 12 scrolls of blinking
 v - 9 scrolls of enchant weapon
 z - 3 scrolls of fear
 B - 11 scrolls of teleportation
 E - 11 scrolls of poison
 J - 5 scrolls of immolation
 L - 2 scrolls of silence
 R - 4 scrolls of brand weapon
 Z - 3 scrolls of summoning
Potions
 e - 16 potions of curing
 f - 6 potions of resistance
 g - 3 potions of brilliance
 m - 3 potions of lignification
 p - 3 potions of attraction
 q - 8 potions of ambrosia
 s - a potion of cancellation
 u - 15 potions of flight
 x - 7 potions of mutation
 F - 9 potions of magic
 H - 2 potions of might
 T - 4 potions of berserk rage
Miscellaneous
 b - a phantom mirror
 I - a phial of floods
 M - a box of beasts
 U - a condenser vane


   Skills:
 * Level 26.1 Fighting
 - Level 22.0 Axes
 - Level 12.0 Throwing
 * Level 23.5 Armour
 - Level 7.9 Dodging
 * Level 26.6 Shields
 O Level 27 Invocations
 - Level 5.0 Evocations


You had 26 spell levels left.
You didn't know any spells.
Your spell library contained the following spells:

 Spells                   Type           Power      Damage    Failure   Level
 Apportation              Tloc           0%         N/A       87%         1
 Beastly Appendage        Tmut           0%         N/A       87%         1
 Foxfire                  Conj/Fire      0%         2x1d4     87%         1
 Magic Dart               Conj           0%         1d3       87%         1
 Necrotise                Necr           0%         1d4       87%         1
 Sandblast                Erth           0%         2d4       87%         1
 Sting                    Tmut/Pois      0%         1d3       87%         1
 Summon Small Mammal      Summ           0%         N/A       87%         1
 Blink                    Tloc           0%         N/A       95%         2
 Call Imp                 Summ           0%         N/A       95%         2
 Cigotuvi's Dreadful Rot  Necr/Pois/Air  0%         N/A       95%         2
 Ensorcelled Hibernation  Hex/Ice        0%         N/A       95%         2
 Lesser Beckoning         Tloc           0%         N/A       95%         2
 Momentum Strike          Conj/Tloc      0%         3d8       95%         2
 Passwall                 Tmut/Erth      0%         N/A       95%         2
 Poisonous Vapours        Pois/Air       0%         N/A       95%         2
 Sublimation of Blood     Necr           0%         N/A       95%         2
 Wereblood                Tmut           0%         N/A       95%         2
 Call Canine Familiar     Summ           0%         N/A       99%         3
 Dazzling Flash           Conj/Hex       0%         N/A       99%         3
 Frozen Ramparts          Ice            0%         1d1       99%         3
 Gell's Gravitas          Tloc           0%         N/A       99%         3
 Ignite Poison            Fire/Tmut/Pois 0%         N/A       99%         3
 Inner Flame              Hex/Fire       0%         N/A       99%         3
 Kindle Blastsparks       Fire/Tloc/Air  0%         2d10      99%         3
 Mephitic Cloud           Conj/Pois/Air  0%         N/A       99%         3
 Portal Projectile        Hex/Tloc       0%         N/A       99%         3
 Spider Form              Tmut/Pois      0%         N/A       99%         3
 Stone Arrow              Conj/Erth      0%         3d7       99%         3
 Summon Guardian Golem    Hex/Summ       0%         N/A       99%         3
 Swiftness                Air            0%         N/A       99%         3
 Teleport Other           Tloc           0%         N/A       99%         3
 Tukima's Dance           Hex            0%         N/A       99%         3
 Vampiric Draining        Necr           0%         2d6       99%         3
 Anguish                  Hex/Necr       0%         N/A       100%        4
 Animate Armour           Summ/Erth      0%         N/A       100%        4
 Animate Dead             Necr           0%         N/A       100%        4
 Cause Fear               Hex            0%         N/A       100%        4
 Fulminant Prism          Conj/Hex       0%         3d5       100%        4
 Ice Form                 Ice/Tmut       0%         N/A       100%        4
 Iskenderun's Mystic Bla  Conj/Tloc      0%         2d3       100%        4
 Leda's Liquefaction      Hex/Erth       0%         N/A       100%        4
 Manifold Assault         Tloc           0%         N/A       100%        4
 Olgreb's Toxic Radiance  Pois           0%         N/A       100%        4
 Passage of Golubria      Tloc           0%         N/A       100%        4
 Petrify                  Tmut/Erth      0%         N/A       100%        4
 Summon Ice Beast         Ice/Summ       0%         N/A       100%        4
 Agony                    Necr           0%         N/A       100%        5
 Alistair's Intoxication  Tmut/Pois      0%         N/A       100%        5
 Blade Hands              Tmut           0%         N/A       100%        5
 Borgnjor's Vile Clutch   Necr/Erth      0%         N/A       100%        5
 Fireball                 Conj/Fire      0%         3d3       100%        5
 Freezing Cloud           Conj/Ice/Air   0%         6-21      100%        5
 Iskenderun's Battlesphe  Conj           0%         2d6       100%        5
 Lee's Rapid Deconstruct  Erth           0%         3d4*      100%        5
 Silence                  Hex/Air        0%         N/A       100%        5
 Summon Forest            Summ/Tloc      0%         N/A       100%        5
 Yara's Violent Unravell  Hex/Tmut       0%         3d3       100%        5
 Conjure Ball Lightning   Conj/Air       0%         3x3d6     100%        6
 Dispersal                Tloc           0%         N/A       100%        6
 Eringya's Noxious Bog    Tmut/Pois      0%         N/A       100%        6
 Iron Shot                Conj/Erth      0%         9d1       100%        6
 Starburst                Conj/Fire      0%         6d3       100%        6
 Statue Form              Tmut/Erth      0%         N/A       100%        6
 Enfeeble                 Hex            0%         N/A       100%        7
 Haunt                    Necr/Summ      0%         N/A       100%        7
 Malign Gateway           Summ/Tloc      0%         N/A       100%        7
 Orb of Destruction       Conj           0%         9d5       100%        7
 Ozocubu's Refrigeration  Ice            0%         4d7       100%        7
 Spellforged Servitor     Conj/Summ      0%         N/A       100%        7
 Storm Form               Tmut/Air       0%         N/A       100%        7
 Summon Hydra             Summ           0%         N/A       100%        7
 Borgnjor's Revivificati  Necr           0%         N/A       100%        8
 Discord                  Hex            0%         N/A       100%        8
 Disjunction              Tloc           0%         N/A       100%        8
 Ignition                 Fire           0%         3d3       100%        8
 Infestation              Necr           0%         N/A       100%        8
 Lehudib's Crystal Spear  Conj/Erth      0%         10d2      100%        8
 Necromutation            Tmut/Necr      0%         N/A       100%        8
 Summon Horrible Things   Summ           0%         N/A       100%        8
 Death's Door             Necr           0%         N/A       100%        9


Dungeon Overview and Level Annotations

Branches:
Dungeon (15/15)            Temple (0/1) D:6            Lair (5/5) D:10
  Swamp (4/4) Lair:2        Snake (4/4) Lair:3        Slime (0/5) Lair:5
    Orc (2/2) D:10            Elf (0/3) Orc:2        Vaults (5/5) D:13
  Crypt (3/3) Vaults:2       Tomb (1/3) Crypt:3      Depths (4/4) D:15
    Zot (5/5) Depths:4     Bailey (visited)           IceCv (visited)
 WizLab (visited)

Altars:
Ashenzari
Cheibriados
Fedhas
Gozag
Hepliaklqana
Kikubaaqudgha
Nemelex Xobeh
Okawaru
Qazlal
Ru
Uskayaw
Vehumet
Wu Jian
Xom
Yredelemnul
Zin
Beogh
Jiyva

Shops:
D:8 =   D:10 (   Orc:1 ?   Orc:2 *=:?:*   Snake:1 :=:   Snake:3 (   Vaults:1 *
Vaults:2 =   Vaults:4 (   Vaults:5 :

Portals:
Hell: Depths:1 Depths:2 Depths:3 Depths:4
Abyss: Depths:3
Pandemonium: Depths:2 Depths:4
Ziggurat: Depths:4
Trove: Vaults:1 (give 12 potions of heal wounds)

Annotations:
D:3 1 runed translucent door, Crazy Yiuf
D:5 exclusion: door
Zot:1 3 runed translucent doors, exclusion: 3 doors, Xapeig's ghost, legendary GrAr
Zot:5 2 transporters


Innate Abilities, Weirdness & Mutations

You can walk on water.
You have sharp toenails.
Your system is resistant to poisons. (rPois)


Message History

There is a stone staircase leading up here.
You climb upwards.
There is a stone staircase leading down here.
A demonspawn black sun comes into view. It is wielding a +0 glaive.
The demonspawn black sun prays to Kikubaaqudgha.
The demonspawn black sun begins absorbing vital energies!
A soul eater comes into view.
You block the demonspawn black sun's attack.
The soul eater barely misses you.
You closely miss the soul eater. You chop the soul eater into pieces!!!
You freeze the soul eater.
You kill the soul eater!
Beogh accepts your kill.
You block the demonspawn black sun's attack.
You block the demonspawn black sun's attack.
You slice the demonspawn black sun!!
The demonspawn black sun is moderately wounded.
You block the demonspawn black sun's attack.
You slice the demonspawn black sun!!
The demonspawn black sun is severely wounded.
You slash the demonspawn black sun!
The demonspawn black sun is severely wounded.
You block the demonspawn black sun's attack.
You slice the demonspawn black sun!!
The demonspawn black sun is almost dead.
A smoke demon comes into view.
You block the demonspawn black sun's attack.
You slash the demonspawn black sun!
You kill the demonspawn black sun!
Beogh accepts your kill.
Beogh appreciates your killing of a heretic priest.
The smoke demon gestures at you.
The ball of steam hits you but does no damage.
Things that are here:
a +0 glaive; a +0 scale mail; a demonspawn corpse The smoke demon gestures at you.
The ball of steam hits you but does no damage.
A green death comes into view.
There is a staircase leading out of the dungeon here.
You have escaped!

####........# #..........
...#........# #####..........
...#........#######.......###...#
..........†.#.........#...# #...#
...#..........###.....#...###...#
.†..........#................(...
>..########...###.............#.#
..## ########....#.......#.. ###
#####..@###^.#.....>.#.. ##
####..##.....#..#####.#.#..
.######....##......##.#####.#....
...†....##.##3......#.##....)....
.###########...##...###.....#.#..
.# #.).....###..2...##..#.#.. .#
#......## ##.....##..#.#.. .##
#.##...# #.........#.#.. †.###
#.##..)## ######....#.#..


You could see a green death and a smoke demon.

Vanquished Creatures
  4 dread liches
  4 ancient liches
  4 orbs of fire (Zot:5)
  Khufu (Crypt:1)
  2 juggernauts (Depths:4)
  5 royal mummies
  3 Killer Klowns
  Bai Suzhen (Snake:3)
  4 curse toes
  5 golden dragons
  A Tzitzimitl (Depths:2)
  4 electric golems
  11 tentacled monstrosities
  26 Orb Guardians
  11 liches
  5 quicksilver dragons
  3 deep elf master archers (WizLab)
  10 death cobs
  A titan (Vaults:5)
  12 sphinxes
  The ghost of Maeg the Wrestler, an adept TrMo of Jiyva (Snake:3)
  5 Executioners
  3 ancient champions (Crypt:3)
  7 shadow dragons
  3 tentacled starspawn
  3 thorn hunters
  14 storm dragons
  5 tengu reavers
  4 nagarajas (Snake:4)
  A revenant (Crypt:2)
  3 fenstrider witches (WizLab)
  13 vault wardens
  5 draconian monks
  5 draconian knights
  A deep elf sorcerer (Vaults:5)
  6 fire giants
  6 frost giants
  2 iron dragons
  5 ghouls
  10 draconian scorchers
  4 ghost moths
  An angel (Abyss:2)
  4 juggernaut zombies
  Louise (Snake:4)
  11 draconian stormcallers
  4 reapers
  12 ironbound preservers
  A curse skull (Crypt:2)
  The ghost of jimonade the Covert, an adept VSBr of Uskayaw (Swamp:3)
  4 draconian shifters
  2 war gargoyles
  7 draconian annihilators
  4 ironbound thunderhulks
  17 green draconians
  13 stone giants
  3 vampire knights
  13 very ugly things
  2 deep elf demonologists (Vaults:5)
  12 black draconians
  5 eleionomae
  A demonspawn black sun (D:1)
  14 white draconians
  3 yellow draconians
  A bunyip (shapeshifter) (Depths:4)
  2 deep elf annihilators
  2 dire elephants (Vaults:2)
  A spark wasp (Depths:2)
  5 red draconians
  5 bunyips
  An eidolon (Crypt:1)
  5 deep elf death magi
  6 purple draconians
  9 jiangshi
  10 ettins
  Snorg (D:11)
  Josephine (D:15)
  A spectral golden dragon (Depths:2)
  3 deep elf high priests
  A spectral spriggan (Depths:2)
  7 fire dragons
  8 mummy priests
  3 entropy weavers
  5 great orbs of eyes
  5 yaktaur captains
  The ghost of logorrheac the Cleaver, a journeyman MiBe of Trog (Lair:1)
  3 shambling mangroves
  3 rakshasas
  A fenstrider witch zombie (Crypt:2)
  10 hydras
  Fannar (Lair:3)
  A peacekeeper (Vaults:4)
  3 hell beasts
  21 vault guards
  8 ice dragons
  3 ghost crabs (Swamp:2)
  4 spriggan air magi
  A spriggan skeleton (Crypt:3)
  A caustic shrike simulacrum (Abyss:2)
  2 spectral frost giants (Depths:2)
  6 ironbound frosthearts
  A satyr (shapeshifter) (Vaults:5)
  4 two-headed ogres
  4 death knights
  6 boulder beetles
  17 death scarabs (Tomb:1)
  17 centaur warriors
  A catoblepas (D:15)
  3 satyrs (WizLab)
  4 anacondas
  A spectral stone giant (Depths:2)
  8 death yaks
  4 tengu warriors
  6 deep troll shamans
  A hell hog (Depths:3)
  2 alligators (Swamp:4)
  4 deep troll earth magi
  2 orc high priests (Orc:2)
  10 naga warriors
  7 vampire magi
  4 thrashing horrors (Abyss:2)
  A deep elf knight (D:14)
  4 shock serpents
  Nergalle (Lair:3)
  10 spriggans
  9 naga sharpshooters
  2 spriggan berserkers
  13 hell knights
  2 salamander mystics
  A storm dragon zombie (Abyss:2)
  21 skeletal warriors
  3 sun demons
  8 soul eaters
  A shadow wraith (Crypt:2)
  2 wretched stars (Abyss:2)
  A death drake (Zot:3)
  4 iron trolls
  12 swamp dragons
  A sixfirhy (Abyss:2)
  50 deep trolls
  3 goliath frogs
  A naga ritualist (Snake:2)
  2 spectral hydras (Swamp:4)
  4 spriggan druids
  A death drake (shapeshifter) (D:14)
  A deep troll (shapeshifter) (Vaults:5)
  7 flayed ghosts
  4 bog bodies
  A golden dragon zombie (Depths:3)
  A sea snake (Snake:3)
  2 deep elf archers (WizLab)
  4 wizards
  11 ironbound convokers
  6 lindwurms
  A bunyip skeleton (Crypt:3)
  9 necromancers
  2 golden dragon skeletons (Depths:2)
  A spectral iron dragon (Depths:2)
  A lindwurm (shapeshifter) (Vaults:5)
  3 glowing orange brains
  9 phantasmal warriors
  A shadow dragon zombie (Depths:3)
  6 orc knights
  2 deep elf pyromancers
  3 oklob plants
  4 wolf spiders
  2 shadow dragon skeletons
  8 ugly things
  2 worldbinders (Abyss:2)
  8 manticores
  An iron dragon zombie (Crypt:3)
  6 mana vipers
  A steelbarb worm (shapeshifter) (Depths:4)
  10 salamanders
  3 fauns (WizLab)
  15 large abominations
  4 will-o-the-wisps
  3 cyclopes
  19 moths of wrath
  A stone giant zombie (Vaults:2)
  2 stone giant skeletons
  A sphinx skeleton (Depths:2)
  2 elephants (Lair:5)
  13 vault sentinels
  A guardian serpent (shapeshifter) (Vaults:5)
  2 centaur zombies
  A titan simulacrum (Depths:2)
  A guardian serpent (Snake:3)
  32 black mambas
  10 cane toads
  6 orange demons
  2 rust devils
  A gargoyle (D:11)
  10 naga magi
  An ice statue (IceCv)
  8 smoke demons
  A kobold demonologist (D:10)
  A storm dragon simulacrum (Depths:2)
  A centaur skeleton (Abyss:2)
  An unseen horror (Abyss:1)
  An efreet (D:14)
  5 komodo dragons
  A spark wasp simulacrum (Depths:2)
  6 freezing wraiths
  3 tengu conjurers
  A minotaur skeleton (Crypt:1)
  13 yaktaurs
  4 hydra zombies (Swamp:4)
  4 ice devils
  2 ancient zymes
  2 tormentors (Depths:2)
  11 guardian mummies
  4 trolls
  2 red devils
  2 death drake zombies (Swamp:4)
  A queen bee (shapeshifter) (D:15)
  2 bloated husks
  15 hornets
  2 polar bears
  A sea snake skeleton (Crypt:2)
  5 tyrant leeches
  11 blink frogs
  2 harpy skeletons (Crypt:3)
  2 hydra skeletons (Swamp:4)
  Grinder (D:3)
  A fire giant simulacrum (Depths:2)
  7 raiju (Abyss:2)
  An iron dragon simulacrum (Tomb:1)
  A frost giant simulacrum (Depths:2)
  An ice dragon zombie (Crypt:2)
  A centaur simulacrum (D:14)
  A spriggan (shapeshifter) (Vaults:5)
  Sigmund (D:2)
  14 slime creatures
  12 small abominations
  2 shadows
  An ettin skeleton (Crypt:3)
  A flying skull (Crypt:3)
  12 wraiths
  A water elemental (Depths:2)
  2 ushabtiu (Tomb:1)
  18 yaks
  A ynoxinul (Abyss:2)
  A dire elephant simulacrum (IceCv)
  A hog (Vaults:4)
  2 death yak simulacra (IceCv)
  4 redbacks
  2 basilisks
  A steam dragon (D:10)
  12 vampire mosquitoes
  2 chaos spawn
  A neqoxec (Abyss:2)
  12 swamp worms
  Menkaure (D:7)
  A warg (Orc:2)
  2 harpy simulacra
  A two-headed ogre zombie (D:10)
  An acid dragon (D:12)
  A glowing shapeshifter zombie (Vaults:4)
  21 nagas
  11 water moccasins
  2 hydra simulacra (Swamp:4)
  4 hell hounds (Abyss:2)
  A floating eye (Depths:4)
  A glowing shapeshifter skeleton (Depths:2)
  2 ice beasts
  A swamp dragon zombie (Swamp:4)
  3 swamp drakes
  9 black bears
  2 sky beasts
  6 orc warriors
  5 centaurs
  5 boggarts (D:15)
  17 wolves
  A snapping turtle skeleton (Crypt:1)
  A wolf (shapeshifter) (D:13)
  A dream sheep skeleton (Crypt:2)
  4 phantoms
  2 kobold brigands
  Blork the orc (Orc:1)
  10 bullfrogs
  7 two-headed ogre simulacra (IceCv)
  4 cane toad simulacra (IceCv)
  5 necrophages
  4 scorpions
  19 wights
  A wyvern skeleton (Crypt:1)
  An elephant simulacrum (IceCv)
  A troll zombie (D:10)
  11 killer bees
  6 electric eels
  5 howler monkeys
  A vampire bat (Vaults:4)
  A crimson imp (Abyss:1)
  5 jellies
  2 hounds
  2 quasits (Abyss:2)
  2 gnoll boudas
  6 orc priests
  6 iguanas
  Jessica (D:2)
  18 starcursed masses
  Ijyb (D:3)
  Natasha (thrice) (D:2)
  10 orc wizards
  A hell rat (Lair:4)
  2 troll simulacra (IceCv)
  5 spriggan simulacra (IceCv)
  A boggart skeleton (D:15)
  A wolf simulacrum (IceCv)
  6 ogre zombies (D:10)
  A tengu skeleton (Crypt:1)
  16 mummies (Tomb:1)
  13 gnolls
  7 adders
  6 naga simulacra (IceCv)
  A swamp drake zombie (Crypt:1)
  A shadow imp (D:7)
  9 white imps
  5 ufetubi
  2 worms
  A dart slug (D:5)
  29 orcs
  5 endoplasms
  7 giant cockroaches
  A gnoll zombie (Crypt:1)
  9 goblins
  4 hobgoblins
  4 jackals
  18 kobolds
  6 quokkas
  12 ball pythons
  6 bats
  7 frilled lizards
  2 goblin skeletons (D:10)
  2 hobgoblin skeletons (D:10)
  A hobgoblin zombie (D:10)
  3 orc skeletons (D:10)
  16 orc zombies (D:10)
  A quokka skeleton (Crypt:3)
  4 rats
  9 briar patches
  2 starspawn tentacles
1715 creatures vanquished.

Vanquished Creatures (collateral kills)
  3 ancient liches
  An orb of fire (Zot:3)
  A royal mummy (Depths:3)
  2 juggernauts (Depths:4)
  Parghit (Zot:3)
  Vv (Zot:4)
  Vashnia (Snake:3)
  A curse toe (Zot:2)
  An electric golem (Zot:2)
  5 tentacled monstrosities
  An Orb Guardian (Zot:5)
  2 quicksilver dragons
  2 titans (Vaults:5)
  3 sphinxes
  2 ancient champions
  2 thorn hunters
  5 shadow dragons
  4 death cobs
  Gastronok (D:12)
  3 storm dragons
  Donald (Orc:2)
  A draconian monk (Zot:5)
  3 fire giants
  2 revenants
  12 nagarajas (Snake:4)
  A fenstrider witch (Swamp:3)
  3 vault wardens
  A balrug (Depths:1)
  3 draconian scorchers
  A draconian stormcaller (Zot:3)
  A caustic shrike zombie (Crypt:2)
  A spectral caustic shrike (Depths:2)
  2 war gargoyles
  A reaper (Crypt:3)
  3 ironbound thunderhulks
  A juggernaut zombie (Depths:2)
  7 ironbound preservers
  2 vampire knights
  6 stone giants
  9 very ugly things
  3 draconian annihilators
  3 dire elephants
  3 eleionomae
  8 green draconians
  3 black draconians
  A spark wasp (Depths:2)
  6 red draconians
  An eidolon (Vaults:2)
  3 white draconians
  2 yellow draconians
  2 purple draconians
  A crystal guardian (Vaults:1)
  A spectral golden dragon (Depths:2)
  2 fire dragons
  A quicksilver dragon zombie (Depths:2)
  An entropy weaver (shapeshifter) (Vaults:5)
  4 ettins
  5 deep elf death magi
  A mummy priest (Crypt:1)
  4 yaktaur captains
  4 jiangshi
  2 great orbs of eyes
  2 deep elf high priests (Vaults:5)
  3 salamander tyrants (Snake:4)
  9 vault guards
  A peacekeeper (Vaults:1)
  A quicksilver dragon skeleton (Depths:2)
  A spriggan skeleton (Depths:2)
  A ghost crab (Swamp:3)
  A caustic shrike simulacrum (Depths:2)
  6 hydras
  3 ironbound frosthearts
  2 ice dragons
  6 anacondas
  2 centaur warriors
  A two-headed ogre (shapeshifter) (Vaults:2)
  3 boulder beetles (Lair:4)
  2 death yaks (Lair:5)
  12 naga warriors
  5 death scarabs (Tomb:1)
  4 tengu warriors
  2 alligators
  3 deep troll shamans
  2 shock serpents
  A vampire mage (Crypt:3)
  3 orc high priests (Orc:2)
  6 deep troll earth magi
  A spriggan berserker (Swamp:3)
  6 naga sharpshooters
  A deep elf knight (Swamp:3)
  A titan zombie (Depths:3)
  2 titan skeletons (Depths:2)
  2 sun demons (Depths:3)
  A salamander mystic (Snake:4)
  8 skeletal warriors
  2 hell knights
  2 soul eaters
  A goliath frog (Swamp:3)
  A death drake (Zot:3)
  A spectral spark wasp (Depths:2)
  2 iron trolls
  7 naga ritualists
  A storm dragon skeleton (Depths:2)
  2 spriggan druids
  2 flayed ghosts
  A shadow dragon zombie (Crypt:2)
  27 deep trolls
  3 bog bodies
  An anaconda zombie (Crypt:3)
  An iron dragon zombie (Depths:2)
  3 orc knights (Orc:2)
  3 ironbound convokers
  4 phantasmal warriors
  A lindwurm (Vaults:2)
  6 swamp dragons
  2 tengu zombies (Vaults:4)
  8 necromancers
  7 wizards
  A deep elf zephyrmancer (Vaults:4)
  3 mana vipers (Snake:4)
  2 deep elf pyromancers
  An orc sorcerer (Orc:1)
  8 ugly things
  9 salamanders
  A spectral spriggan (Depths:2)
  An oklob plant (Swamp:4)
  A manticore (D:14)
  A shadow dragon skeleton (Depths:2)
  A will-o-the-wisp (Swamp:2)
  A faun (WizLab)
  A sphinx skeleton (Vaults:2)
  7 moths of wrath
  2 cyclopes
  4 elephants (Lair:5)
  A centaur zombie (D:15)
  6 naga magi
  3 torpor snails
  3 guardian serpents (Snake:4)
  9 black mambas
  A titan simulacrum (Depths:2)
  8 vault sentinels
  A centaur skeleton (D:15)
  17 cane toads
  2 kobold demonologists (D:14)
  A tormentor (Depths:2)
  A white draconian zombie (Zot:3)
  5 yaktaurs
  2 freezing wraiths
  5 komodo dragons
  An elf skeleton (Vaults:2)
  4 guardian mummies
  A death drake zombie (Swamp:4)
  A meliai (D:13)
  A red devil (D:12)
  2 trolls
  2 tyrant leeches (Lair:5)
  3 hornets
  A sphinx simulacrum (Depths:2)
  A stone giant simulacrum (Vaults:4)
  20 blink frogs
  A hydra skeleton (Swamp:4)
  A jumping spider (Vaults:5)
  A meliai zombie (D:15)
  15 slime creatures
  A spriggan (Swamp:3)
  An ettin skeleton (Crypt:3)
  2 water elementals (D:15)
  17 yaks
  2 basilisks
  A wraith (D:13)
  2 slime creature zombies
  A wind drake skeleton (Crypt:3)
  3 redbacks
  5 vampire mosquitoes (Lair:5)
  16 nagas
  A demonspawn zombie (Crypt:2)
  4 swamp worms
  A glowing shapeshifter zombie (Depths:2)
  2 hydra simulacra (Swamp:4)
  2 acid dragons (D:12)
  7 water moccasins
  12 orc warriors (Orc:2)
  5 swamp drakes
  An ice beast (Vaults:4)
  A manticore zombie (Crypt:2)
  5 ogres
  3 boggarts (D:15)
  28 wolves
  A centaur (D:12)
  A dream sheep skeleton (Crypt:2)
  14 bullfrogs
  A kobold brigand (D:14)
  A gnoll sergeant (Orc:1)
  A necrophage (Crypt:3)
  A human simulacrum (Vaults:4)
  A shapeshifter skeleton (Crypt:2)
  3 electric eels
  7 orc priests (Orc:2)
  5 orc wizards
  4 hell rats (Lair:4)
  A polar bear simulacrum (IceCv)
  An ogre skeleton (Crypt:3)
  2 mummies (Tomb:1)
  A gnoll (Bailey)
  7 orcs
  4 hobgoblins (Bailey)
  3 kobolds (Bailey)
  An orc zombie (D:10)
  A butterfly (Lair:2)
704 creatures vanquished.

Vanquished Creatures (others)
  7 orc warlords
  A draconian annihilator (Zot:4)
  A draconian stormcaller (Zot:5)
  A white draconian (Zot:1)
  5 orc high priests
  A purple draconian (Zot:4)
  A hydra (Swamp:1)
  An ogre mage (Vaults:4)
  Nergalle (twice) (Vaults:4 Depths:2)
  An orc sorcerer (Vaults:3)
  A vampire mage (Crypt:2)
  17 orc knights
  A spriggan druid (Swamp:2)
  2 swamp dragons (Swamp:1)
  A moth of wrath (Zot:3)
  A salamander (Snake:4)
  A tengu conjurer (Depths:4)
  A yaktaur (WizLab)
  A komodo dragon (Lair:5)
  3 bloated husks
  A hornet (Swamp:2)
  A spriggan (Swamp:2)
  2 small abominations (Abyss:2)
  21 orc warriors
  23 orc priests
  7 orc wizards
  48 orcs
  2 briar patches
  15 foxfires
  71 fungi
  A lurking horror (Abyss:2)
  161 plants
  3 starspawn tentacles
  4 toadstools (D:15)
  5 withered plants (D:9)
415 creatures vanquished.

Grand Total: 2834 creatures vanquished

Notes
Turn   | Place    | Note
-------+----------+-------------------------------------------
     0 | D:1      | browni3141 the Hill Orc Fighter began the quest for the
                  | Orb.
     0 | D:1      | Reached XP level 1. HP: 19/19 MP: 1/1
    47 | D:1      | Reached XP level 2. HP: 27/27 MP: 2/2
   370 | D:1      | Reached XP level 3. HP: 28/33 MP: 3/3
   614 | D:2      | Found a faded altar of an unknown god.
   799 | D:2      | Noticed Sigmund
   811 | D:2      | Killed Sigmund
   812 | D:2      | Reached skill level 5 in Axes
   812 | D:2      | Reached XP level 4. HP: 31/41 MP: 4/4
   812 | D:2      | Reached XP level 5. HP: 36/47 MP: 5/5
   852 | D:2      | Reached skill level 5 in Fighting
   853 | D:2      | Reached XP level 6. HP: 16/56 MP: 6/6
  1151 | D:2      | Noticed Jessica
  1158 | D:2      | Killed Jessica
  1407 | D:2      | Noticed Natasha
  1411 | D:2      | Killed Natasha
  1420 | D:2      | Noticed Natasha
  1428 | D:2      | Killed Natasha
  1449 | D:2      | Noticed Natasha
  1457 | D:2      | Killed Natasha
  1779 | D:3      | Noticed Grinder
  1785 | D:3      | Killed Grinder
  1786 | D:3      | Reached skill level 5 in Shields
  1786 | D:3      | Reached XP level 7. HP: 62/62 MP: 7/7
  2117 | D:3      | Found a runed translucent door.
  2118 | D:3      | Noticed Crazy Yiuf
  2205 | D:3      | Found a broken altar of Ashenzari.
  2356 | D:3      | Noticed Ijyb
  2385 | D:3      | Killed Ijyb
  3112 | D:4      | Reached XP level 8. HP: 64/71 MP: 8/8
  3279 | D:4      | Became a worshipper of Beogh the Brigand
  3468 | D:4      | Identified the amulet "Muohy" {Acrobat rElec Int+3}
  3698 | D:5      | Entered Level 5 of the Dungeon
  4291 | D:5      | Reached skill level 10 in Axes
  4350 | D:5      | Reached XP level 9. HP: 66/79 MP: 9/9
  4358 | D:5      | Reached * piety under Beogh
  5024 | D:6      | Reached skill level 1 in Invocations
  5082 | D:6      | Found a staircase to the Ecumenical Temple.
  5169 | D:6      | Reached skill level 2 in Invocations
  5546 | D:7      | Reached skill level 3 in Invocations
  5602 | D:7      | Noticed Menkaure
  5618 | D:7      | Killed Menkaure
  5674 | D:7      | Reached ** piety under Beogh
  5714 | D:7      | Reached skill level 4 in Invocations
  5874 | D:7      | Reached XP level 10. HP: 73/90 MP: 13/13
  6133 | D:7      | Reached skill level 5 in Invocations
  6203 | D:7      | Found a hide-covered altar of Uskayaw.
  6330 | D:7      | Found a radiant altar of Vehumet.
  6330 | D:7      | Found a blossoming altar of Fedhas.
  6338 | D:7      | Found a snail-covered altar of Cheibriados.
  6340 | D:7      | Found a sparkling altar of Nemelex Xobeh.
  6342 | D:7      | Found a faded altar of an unknown god.
  6689 | D:8      | Reached skill level 5 in Armour
  6863 | D:8      | Paralysed by a hornet for 1 turns
  6868 | D:8      | Paralysed by a hornet for 1 turns
  7118 | D:8      | Found a glowing silver altar of Zin.
  7184 | D:8      | Found Vuong's Jewellery Boutique.
  7337 | D:8      | Reached *** piety under Beogh
  7348 | D:8      | Found a sacrificial altar of Ru.
  8220 | D:9      | Reached XP level 11. HP: 63/99 MP: 14/14
  8260 | D:9      | Found an ancient bone altar of Kikubaaqudgha.
  8265 | D:9      | Reached skill level 10 in Fighting
  8289 | D:9      | Found an iron altar of Okawaru.
  8330 | D:9      | Found a shimmering altar of Xom.
  8383 | D:9      | Got the Catalogue of the Curious Eyes
  8740 | D:10     | Entered Level 10 of the Dungeon
  8740 | D:10     | Found Geirol's Weapon Shoppe.
  8801 | D:10     | Reached **** piety under Beogh
  8818 | D:10     | Found a staircase to the Orcish Mines.
  8926 | D:10     | Found a flagged portal.
  8976 | Bailey   | Entered a bailey
  8992 | Bailey   | Noticed an orc knight
  9025 | Bailey   | Killed an orc knight
  9046 | Bailey   | Reached ***** piety under Beogh
  9054 | Bailey   | Noticed an orc knight
  9085 | Bailey   | Killed an orc knight
  9086 | Bailey   | Reached skill level 15 in Axes
  9143 | Bailey   | Noticed an orc knight
  9144 | Bailey   | Noticed an orc knight
  9278 | Bailey   | Killed an orc knight
  9504 | D:10     | Found a staircase to the Lair.
  9613 | D:10     | Found a stormy altar of Qazlal.
  9782 | Orc:1    | Entered Level 1 of the Orcish Mines
  9782 | Orc:1    | Found Xeudgh's Magic Scroll Boutique.
  9811 | Orc:1    | Noticed Blork the orc
  9815 | Orc:1    | Noticed a +6 great sword
  9817 | Orc:1    | Killed Blork the orc
  9859 | Orc:1    | Bought a scroll of teleportation for 39 gold pieces
  9859 | Orc:1    | Bought a scroll of identify for 26 gold pieces
  9859 | Orc:1    | Bought a scroll of brand weapon for 123 gold pieces
  9859 | Orc:1    | Bought a scroll of poison for 52 gold pieces
  9859 | Orc:1    | Bought a scroll of identify for 26 gold pieces
  9860 | Orc:1    | Identified a scroll of acquirement
 10089 | Orc:1    | Noticed an orc sorcerer
 10098 | Orc:1    | Killed an orc sorcerer
 10275 | Orc:2    | Entered Level 2 of the Orcish Mines
 10291 | Orc:2    | Found Etank's General Store.
 10296 | Orc:2    | Gained Argrim as an ally
 10308 | Orc:2    | Found Ysimenwu's Book Emporium.
 10417 | Orc:2    | Noticed an orc knight
 10427 | Orc:2    | Your ally Argrim died
 10430 | Orc:2    | Killed an orc knight
 10431 | Orc:2    | Reached skill level 10 in Shields
 10433 | Orc:2    | Found a flickering gateway to a bazaar.
 10455 | Orc:2    | Noticed an orc high priest
 10460 | Orc:2    | Noticed a soul eater
 10464 | Orc:2    | Noticed an orc knight
 10469 | Orc:2    | Killed an orc high priest
 10472 | Orc:2    | Gained Borgun as an ally
 10473 | Orc:2    | Reached XP level 12. HP: 44/110 MP: 15/15
 10501 | Orc:2    | Reached ****** piety under Beogh
 10503 | Orc:2    | Noticed an orc high priest
 10504 | Orc:2    | Noticed an orc high priest
 10510 | Orc:2    | Noticed an orc high priest
 10510 | Orc:2    | Killed an orc high priest
 10510 | Orc:2    | Gained Warrok as an ally
 10511 | Orc:2    | Noticed an orc high priest
 10516 | Orc:2    | Killed an orc high priest
 10516 | Orc:2    | Killed an orc high priest
 10519 | Orc:2    | Killed an orc high priest
 10529 | Orc:2    | Found Kohopsej's Assorted Antiques.
 10529 | Orc:2    | Found Teredghiec's Magic Scroll Shoppe.
 10530 | Orc:2    | Found Nihacy's Book Shoppe.
 10530 | Orc:2    | Found Hereruqi's Jewellery Emporium.
 10573 | Bazaar   | Entered a bazaar
 10573 | Bazaar   | Found Cinaq's Antique Armour Shoppe.
 10573 | Bazaar   | Found Esuak's Antique Weapon Shop.
 10573 | Bazaar   | Found Zuorirch's Book Shoppe.
 10624 | Bazaar   | Found Xiqom's Antique Armour Emporium.
 10676 | Bazaar   | Bought a shimmering scale mail for 171 gold pieces
 10676 | Bazaar   | Identified the +0 scale mail "Roonor" {Dex+3 Slay+5} (You
                  | bought it in a shop in a bazaar)
 10676 | Bazaar   | Bought a tower shield for 85 gold pieces
 10692 | Bazaar   | Bought a glowing hat for 161 gold pieces
 10713 | Bazaar   | Bought a shiny plate armour for 494 gold pieces
 10765 | Orc:2    | Bought a potion of heal wounds for 65 gold pieces
 10765 | Orc:2    | Bought a scroll of identify for 26 gold pieces
 10784 | Orc:2    | Found a staircase to the Elven Halls.
 10828 | Orc:2    | Noticed Donald
 10834 | Orc:2    | Killed Donald
 10835 | Orc:2    | Found a roughly hewn altar of Beogh.
 10999 | Orc:2    | Bought a scroll of summoning for 161 gold pieces
 11003 | Orc:2    | Bought an embroidered cloak for 270 gold pieces
 11018 | Orc:2    | Bought a scroll of identify for 34 gold pieces
 11018 | Orc:2    | Bought a scroll of identify for 34 gold pieces
 11018 | Orc:2    | Bought a scroll of identify for 34 gold pieces
 11018 | Orc:2    | Bought a scroll of identify for 34 gold pieces
 11018 | Orc:2    | Bought a scroll of identify for 34 gold pieces
 11244 | Orc:1    | Acquired a manual of Axes
 11402 | Lair:1   | Entered Level 1 of the Lair of Beasts
 11415 | Lair:1   | Your ally Warrok died
 11448 | Lair:1   | Gained Garbold as an ally
 11450 | Lair:1   | Gained Morun as an ally
 11471 | Lair:1   | Gained Thorok as an ally
 11498 | Lair:1   | Found a transporter.
 11500 | Lair:1   | Found a transporter.
 11507 | Lair:1   | Noticed logorrheac's ghost (journeyman MiBe)
 11730 | Lair:1   | Noticed a death yak
 12191 | Lair:2   | Noticed a four-headed hydra
 12196 | Lair:2   | Killed a three-headed hydra
 12276 | Lair:2   | Noticed a four-headed hydra
 12283 | Lair:2   | Killed a one-headed hydra
 12284 | Lair:2   | Reached skill level 6 in Invocations
 12415 | Lair:2   | Reached XP level 13. HP: 119/119 MP: 17/17
 12461 | Lair:2   | Got the Guide on Topomancy and Changing
 12864 | Lair:2   | Reached skill level 7 in Invocations
 12867 | Lair:2   | Found a staircase to the Swamp.
 12968 | Lair:3   | Gained Ognian as an ally
 12973 | Lair:3   | Found a frozen archway.
 12981 | IceCv    | Entered an ice cave
 13217 | IceCv    | Gained Norbak as an ally
 13217 | IceCv    | Your ally Norbak died
 13222 | IceCv    | Gained Ognian as an ally
 13587 | IceCv    | Your ally Ognian died
 13763 | IceCv    | Noticed a reaper
 13779 | IceCv    | Killed a reaper
 13928 | IceCv    | Found the +16 obsidian axe {drain, demonic, Mesm Drain Fly
                  | SInv}
 14074 | Lair:3   | Reached skill level 8 in Invocations
 14141 | Lair:3   | Noticed Fannar
 14166 | Lair:3   | Killed Fannar
 14204 | Lair:3   | Gained Borgk as an ally
 14356 | Lair:3   | Noticed Nergalle
 14360 | Lair:3   | Killed Nergalle
 14606 | Lair:3   | Found a staircase to the Snake Pit.
 14719 | Lair:4   | Reached skill level 10 in Armour
 15052 | Lair:4   | Reached skill level 9 in Invocations
 15084 | Lair:4   | Your ally Borgk died
 15088 | Lair:4   | Reached XP level 14. HP: 129/129 MP: 21/21
 15192 | Lair:4   | Gained Ugbert as an ally
 15663 | Lair:5   | Entered Level 5 of the Lair of Beasts
 15669 | Lair:5   | Reached skill level 10 in Invocations
 15684 | Lair:5   | Identified the +1 ring mail of Protective Custody {rF+
                  | Regen+ Int+6}
 16183 | Lair:5   | Found a runed translucent door.
 16184 | Lair:5   | Found a viscous altar of Jiyva.
 16185 | Lair:5   | Found a staircase to the Slime Pits.
 16618 | D:11     | Noticed Snorg
 16625 | D:11     | Killed Snorg
 16692 | D:11     | Gained Zartorak as an ally
 16693 | D:11     | Reached skill level 15 in Shields
 16717 | D:11     | Identified the +0 pair of gloves of Immorality {Int+3
                  | Dex+3}
 17328 | D:12     | Reached XP level 15. HP: 128/139 MP: 22/22
 17498 | D:12     | Reached skill level 1 in Throwing
 17541 | D:12     | Noticed Gastronok
 17550 | D:12     | Killed Gastronok
 18403 | D:13     | Found a gate to the Vaults.
 18496 | D:13     | Identified the +3 ring mail "Zatyraf" {Rampage rN+}
 19162 | D:14     | Your ally Zartorak died
 19220 | D:14     | Noticed a tengu reaver
 19231 | D:14     | Noticed a storm dragon
 19232 | D:14     | Identified the +1 war axe of Okawaru, Burning {drain,
                  | *Corrode rElec rF+}
 19432 | D:15     | Entered Level 15 of the Dungeon
 19456 | D:14     | Noticed a sphinx
 19464 | D:14     | Reached skill level 15 in Fighting
 19477 | D:14     | Killed a tengu reaver
 19480 | D:14     | Killed a sphinx
 19487 | D:14     | Killed a storm dragon
 19720 | D:14     | Got Tafoguez's Discursus on Spectres
 19752 | D:14     | Identified the +0 robe of Neiq {*Corrode rPois Str+6}
 20340 | D:15     | Noticed Josephine
 20358 | D:15     | Killed Josephine
 20442 | D:15     | Reached XP level 16. HP: 149/149 MP: 23/23
 20572 | D:15     | Reached skill level 5 in Throwing
 20598 | D:15     | Gained Thorok as an ally
 20737 | D:15     | Found a staircase to the Depths.
 21050 | D:15     | Identified the ring "Suchas" {+Blink rF+ rN+ Will+}
 21147 | D:15     | Identified the +0 chain mail "Uruh" {Int+4 Stlth+}
 21725 | Snake:1  | Entered Level 1 of the Snake Pit
 22643 | Snake:1  | Found Quiny's Book Boutique.
 22643 | Snake:1  | Found Rianad's Jewellery Shoppe.
 22644 | Snake:1  | Found Omijunu's Book Boutique.
 22823 | Snake:2  | Found an opulent altar of Gozag.
 22837 | Snake:2  | You are sucked into a shaft and drop 1 floor!
 22837 | Snake:3  | Noticed Bai Suzhen
 22837 | Snake:3  | Found a runed translucent door.
 22838 | Snake:3  | Noticed Vashnia
 22852 | Snake:3  | Killed Bai Suzhen
 22869 | Snake:3  | Killed Vashnia
 23022 | Snake:2  | Reached XP level 17. HP: 142/159 MP: 24/24
 23094 | Snake:2  | Acquired a +0 executioner's axe of freezing
 23622 | Snake:3  | Noticed Maeg's ghost (adept TrMo)
 23631 | Snake:3  | Killed Maeg's ghost
 23766 | Snake:3  | Identified the +1 dagger of Mouts {speed, rC+}
 23825 | Snake:3  | Found Kokysh's Antique Weapon Emporium.
 24199 | Snake:4  | Entered Level 4 of the Snake Pit
 24321 | Snake:4  | Found a hazy altar of Hepliaklqana.
 24415 | Snake:4  | Noticed Louise
 24423 | Snake:4  | Killed Louise
 24646 | Snake:4  | Your ally Ognian died
 24789 | Snake:4  | Your ally Garbold died
 25217 | Snake:4  | Reached skill level 15 in Armour
 25506 | Snake:4  | Got a serpentine rune of Zot
 25780 | Snake:4  | Reached XP level 18. HP: 171/171 MP: 25/25
 26222 | Swamp:1  | Entered Level 1 of the Swamp
 26472 | Swamp:1  | HP: 8/171 [poison (poison gas)]
 26475 | Swamp:1  | Your ally Ognian died
 26482 | Swamp:1  | Your ally Thorok died
 27177 | Swamp:1  | Identified the +9 arbalest of Context {drain, Dex+5}
 27622 | Vaults:1 | Entered Level 1 of the Vaults
 28041 | Vaults:1 | Found Aderph's General Store.
 28084 | Vaults:1 | Reached skill level 11 in Invocations
 28159 | Vaults:1 | Identified the +6 shortbow "Tiodus" {heavy, Will++ Dex-5
                  | Stlth+}
 28763 | Vaults:1 | Found a portal to a secret trove of treasure.
 29329 | Vaults:2 | Noticed a lich
 29334 | Vaults:2 | Killed a lich
 29378 | Vaults:2 | Reached skill level 1 in Evocations
 29415 | Vaults:2 | Identified the +5 plate armour "Trusted Companion" {*Slow
                  | rElec Str+5}
 29727 | Vaults:2 | Identified the +10 chain mail "Huneocko" {Slay+5}
 29925 | Vaults:2 | You are sucked into a shaft and drop 2 floors!
 30011 | Vaults:4 | Reached XP level 19. HP: 158/181 MP: 27/27
 30073 | Vaults:4 | Reached skill level 12 in Invocations
 30078 | Vaults:4 | Your ally Nergalle died
 30093 | Vaults:4 | Gained Agrik as an ally
 30105 | Vaults:4 | Your ally Thorok died
 30122 | Vaults:4 | Your ally Agrik died
 30382 | Vaults:4 | Found Fiphigen's Weapon Boutique.
 30851 | Vaults:2 | Reached skill level 5 in Evocations
 30887 | Vaults:2 | Found a staircase to the Crypt.
 31169 | Vaults:2 | Found Citoeg's Jewellery Boutique.
 31173 | Vaults:2 | Bought the amulet "Mougov" {Reflect rElec SH+5} for 572
                  | gold pieces
 31860 | Vaults:3 | Gained Orkwin as an ally
 31865 | Vaults:3 | Reached XP level 20. HP: 36/191 MP: 29/29
 32249 | Vaults:3 | Identified the +5 falchion "Juyw" {freeze, *Rage Int+3
                  | Dex+2}
 33282 | Vaults:4 | Got Kufurit's Writings on Variation
 33307 | Vaults:4 | Identified the +1 ring mail of Dogh {rPois Int+3}
 33493 | Vaults:2 | Bought a ring of poison resistance for 260 gold pieces
 34465 | Swamp:3  | Noticed jimonade's ghost (adept VSBr)
 34467 | Swamp:3  | Found a runed translucent gate.
 34471 | Swamp:3  | Found a runed translucent gate.
 34471 | Swamp:3  | Found a runed translucent gate.
 34667 | Swamp:3  | Gained Brunolf as an ally
 35559 | Swamp:4  | Entered Level 4 of the Swamp
 35807 | Swamp:4  | Reached skill level 10 in Throwing
 35836 | Swamp:4  | Your ally Brunolf died
 35860 | Swamp:4  | Found a blossoming altar of Fedhas.
 35946 | Swamp:4  | Found a basalt altar of Yredelemnul.
 35948 | Swamp:4  | Found the +3 Mad Mage's Maulers {Infuse+∞ VampMP -Cast}
 35967 | Swamp:4  | Got a decaying rune of Zot
 36544 | Swamp:3  | Reached XP level 21. HP: 200/202 MP: 13/30
 36547 | Swamp:3  | Killed jimonade's ghost
 36832 | Lair:1   | Killed logorrheac's ghost
 37261 | Depths:1 | Entered Level 1 of the Depths
 37486 | Depths:1 | Found an ornate altar of the Wu Jian Council.
 38750 | Depths:1 | Found the +1 robe of Vines {NoPotionHeal Regen++++}
 38752 | Depths:1 | Found a gateway to Hell.
 39324 | Depths:2 | Reached skill level 13 in Invocations
 39507 | Depths:2 | Found an ancient bone altar of Kikubaaqudgha.
 40269 | Depths:2 | Your ally Orkwin died
 40269 | Depths:2 | Your ally Nergalle died
 40802 | Depths:2 | Identified the +5 battleaxe of Xom's Brutal Revenge {venom,
                  | Stlth+}
 40969 | Depths:2 | Identified the +9 whip of Wu Jian's Reproof {speed, *Slow
                  | rC+ Stlth+}
 41444 | Depths:2 | Reached skill level 14 in Invocations
 42304 | Depths:2 | Your ally Morun died
 42315 | Depths:2 | Your ally Ugbert died
 42343 | Depths:2 | Reached XP level 22. HP: 211/213 MP: 3/32
 43062 | Depths:2 | Found a one-way gate leading to the halls of Pandemonium.
 43582 | Depths:3 | Found a one-way gate to the infinite horrors of the Abyss.
 44034 | Depths:3 | Acquired the ring "Tiraud" {rPois rF+ rC++ Int-4 Stlth+}
 44195 | Depths:3 | Reached skill level 15 in Invocations
 44501 | Depths:3 | Your ally Brunolf died
 45326 | Depths:3 | Noticed a royal mummy
 45331 | Depths:3 | Killed a royal mummy
 45524 | Depths:3 | Noticed a royal mummy
 45536 | Depths:3 | Killed a royal mummy
 45557 | Depths:3 | Noticed a royal mummy
 45564 | Depths:3 | Killed a royal mummy
 45825 | Depths:3 | Found the +7 sceptre of Torment {pain, torment}
 45981 | Depths:4 | Entered Level 4 of the Depths
 46021 | Depths:4 | Found a one-way gateway to a ziggurat.
 46343 | Depths:4 | Noticed a juggernaut
 46343 | Depths:4 | Noticed a juggernaut
 46361 | Depths:4 | Found a runed translucent door.
 46397 | Depths:4 | Noticed a juggernaut
 46408 | Depths:4 | Killed a juggernaut
 46409 | Depths:4 | Reached skill level 16 in Invocations
 46531 | Depths:4 | Noticed a juggernaut
 46537 | Depths:4 | Killed a juggernaut
 46845 | Depths:4 | Noticed a golden dragon
 46851 | Depths:4 | Killed a golden dragon
 47086 | Depths:4 | Reached skill level 17 in Invocations
 47959 | Depths:4 | Found a gate to the Realm of Zot.
 48214 | Depths:4 | Killed a juggernaut
 48220 | Depths:4 | Reached XP level 23. HP: 223/223 MP: 4/35
 48226 | Depths:4 | Killed a juggernaut
 48231 | Depths:4 | Identified the +8 arbalest of Fortitude {speed, rC+ rCorr}
 48384 | Depths:4 | Identified the +5 dagger "Etsaonib" {flame, rC+}
 48802 | Crypt:1  | Entered Level 1 of the Crypt
 49462 | Crypt:1  | Identified the +2 leather armour of Insecurity {rF- Str+4
                  | Dex+3}
 50163 | Crypt:1  | Reached skill level 1 in Dodging
 50458 | Crypt:1  | Reached skill level 18 in Invocations
 50527 | Crypt:1  | Noticed a royal mummy
 50535 | Crypt:1  | Killed a royal mummy
 50669 | Crypt:1  | Noticed Khufu
 50680 | Crypt:1  | Killed Khufu
 51229 | Crypt:1  | Found a basalt altar of Yredelemnul.
 51466 | Crypt:2  | Found a magical portal.
 51502 | WizLab   | Entered Eringya's Formal Garden
 51832 | WizLab   | Found a blossoming altar of Fedhas.
 51833 | WizLab   | Reached skill level 19 in Invocations
 51898 | WizLab   | Gained Gorbash as an ally
 53851 | Crypt:2  | Found the +6 Majin-Bo {spellvamp, MP+6 Int+6}
 54253 | Crypt:2  | Identified the +6 great mace "Qeigreru" {distort, *Corrode
                  | Str+2 Int+3}
 54337 | Crypt:3  | Entered Level 3 of the Crypt
 54534 | Crypt:3  | Found the +13 scythe of Curses {drain, curses, Drain}
 54535 | Crypt:3  | Found the +7 lajatang of Order {silver, rMut}
 54690 | Crypt:3  | Noticed a curse toe
 54698 | Crypt:3  | Noticed a curse toe
 54706 | Crypt:3  | Your ally Borgun died
 54707 | Crypt:3  | Killed a curse toe
 54722 | Crypt:3  | Your ally Morun died
 54724 | Crypt:3  | Killed a curse toe
 54864 | Crypt:3  | Reached XP level 24. HP: 227/234 MP: 2/36
 54865 | Crypt:3  | Your ally Morun died
 54882 | Crypt:3  | Found a staircase to the Tomb.
 55593 | Crypt:3  | Reached skill level 20 in Invocations
 55788 | Crypt:3  | Noticed an ancient lich
 55788 | Crypt:3  | Noticed an ancient lich
 55789 | Crypt:3  | Noticed an ancient lich
 55815 | Crypt:3  | Killed an ancient lich
 55823 | Crypt:3  | Killed an ancient lich
 55826 | Crypt:3  | Killed an ancient lich
 55853 | Crypt:3  | Identified the +10 plate armour of Compression {rElec rF+}
 55860 | Crypt:3  | Got the Essays on the Syncline
 55868 | Crypt:3  | Identified the +1 robe of Repulsion {+Inv rN+ Will-}
 56024 | Tomb:1   | Entered Level 1 of the Tomb of the Ancients
 56646 | Tomb:1   | Reached skill level 5 in Dodging
 56646 | Tomb:1   | Gained Hawl as an ally
 57312 | Tomb:1   | Noticed a royal mummy
 57321 | Tomb:1   | Noticed a royal mummy
 57323 | Tomb:1   | Killed a royal mummy
 57323 | Tomb:1   | Lost intelligence.
 57330 | Tomb:1   | Your ally Hawl died
 57347 | Tomb:1   | Killed a royal mummy
 59025 | Vaults:5 | Entered Level 5 of the Vaults
 59034 | Vaults:5 | Reached skill level 21 in Invocations
 59307 | Vaults:5 | Got a silver rune of Zot
 59512 | Vaults:5 | Gained Margrim as an ally
 59527 | Vaults:5 | Identified the +6 arbalest of the Thirteen Priests {drain,
                  | rElec}
 59529 | Vaults:5 | Your ally Margrim died
 59625 | Vaults:5 | Gained Bogdan as an ally
 59628 | Vaults:5 | Reached XP level 25. HP: 231/243 MP: 2/37
 59634 | Vaults:5 | Identified the +0 chain mail of Demons {Int+2}
 59644 | Vaults:5 | Gained Bogdan as an ally
 59650 | Vaults:5 | Your ally Bogdan died
 59654 | Vaults:5 | Your ally Bogdan died
 59666 | Vaults:5 | Gained Bogrim as an ally
 60115 | Vaults:5 | Reached skill level 22 in Invocations
 60373 | Vaults:5 | Identified the +3 leather armour "Aciamem" {Rampage rC+
                  | Int+3}
 60646 | Vaults:5 | Identified the +8 battleaxe "Wioshru" {flame, Str+3}
 60870 | Vaults:5 | Identified the +3 ring mail "Qiheroz" {Regen+}
 60893 | Vaults:5 | Noticed an ancient lich
 60895 | Vaults:5 | Noticed an ancient lich
 60903 | Vaults:5 | Killed an ancient lich
 60909 | Vaults:5 | Killed an ancient lich
 61146 | Vaults:5 | Found the +0 mask of the Dragon {Will+ Slay+3 SInv}
 61372 | Vaults:5 | Got the Handbook of the Grave and the Union
 61761 | Vaults:5 | Found Uhoimu's Book Shoppe.
 62780 | Zot:1    | Entered Level 1 of the Realm of Zot
 63644 | Zot:1    | Identified the +2 trident of Checks and Balances {heavy,
                  | rF+ rN+}
 63789 | Zot:1    | Found a runed translucent gate.
 63789 | Zot:1    | Found a runed translucent gate.
 63789 | Zot:1    | Found a runed translucent gate.
 63791 | Zot:1    | Noticed an orb of fire
 63793 | Zot:1    | Noticed Xapeig's ghost (legendary GrAr)
 65052 | Zot:1    | Identified the +1 cloak "Tedyapo" {rPois Dex-4 Slay+2
                  | Stlth+}
 65095 | Zot:2    | Your ally Morun died
 65320 | Zot:2    | Your ally Gorbash died
 65657 | Zot:2    | Reached skill level 23 in Invocations
 66859 | Zot:3    | Noticed a dread lich
 66859 | Zot:3    | Noticed a dread lich
 66861 | Zot:3    | Killed a dread lich
 66865 | Zot:3    | Killed a dread lich
 66870 | Zot:3    | Your ally Bogrim died
 67262 | Zot:3    | Reached XP level 26. HP: 252/254 MP: 13/38
 67300 | Zot:3    | Noticed Parghit
 67311 | Zot:3    | Killed Parghit
 67478 | Zot:3    | Noticed an orb of fire
 67486 | Zot:3    | Killed an orb of fire
 67495 | Zot:3    | Reached skill level 24 in Invocations
 67624 | Zot:3    | Your ally Bogrim died
 68695 | Zot:4    | Reached skill level 25 in Invocations
 68812 | Zot:4    | Reached skill level 26 in Invocations
 68813 | Zot:4    | Gained Bogdar as an ally
 69218 | Zot:4    | Your ally Bogdar died
 69548 | Zot:4    | Noticed Vv
 69587 | Zot:4    | Killed Vv
 69891 | Zot:4    | Noticed a Killer Klown
 69912 | Zot:4    | Killed a Killer Klown
 70145 | Zot:4    | Reached skill level 27 in Invocations
 71116 | Zot:5    | Entered Level 5 of the Realm of Zot
 71116 | Zot:5    | Found a transporter.
 71116 | Zot:5    | Found a transporter.
 73651 | Zot:5    | Noticed a dread lich
 73652 | Zot:5    | Killed a dread lich
 73673 | Zot:5    | Noticed an orb of fire
 73679 | Zot:5    | Killed an orb of fire
 73680 | Zot:5    | Reached XP level 27. HP: 237/264 MP: 3/40
 73682 | Zot:5    | Noticed an orb of fire
 73691 | Zot:5    | Killed an orb of fire
 73697 | Zot:5    | Noticed a dread lich
 73701 | Zot:5    | Killed a dread lich
 73707 | Zot:5    | Noticed an ancient lich
 73709 | Zot:5    | Killed an ancient lich
 73756 | Zot:5    | Noticed an orb of fire
 73762 | Zot:5    | Noticed an ancient lich
 73774 | Zot:5    | Killed an ancient lich
 73786 | Zot:5    | Killed an orb of fire
 74386 | Zot:5    | Found a transporter.
 74494 | Zot:5    | Found a transporter.
 74918 | Depths:3 | Voluntarily entered the Abyss.
 75268 | Abyss:2  | Found a corrupted altar of Lugonu.
 75610 | Abyss:2  | Gained mutation: Your body sometimes deteriorates upon
                  | taking damage. [a neqoxec]
 76168 | Depths:3 | Escaped the Abyss
 76177 | Depths:3 | Lost mutation: Your body sometimes deteriorates upon taking
                  | damage. [potion of mutation]
 76177 | Depths:3 | Gained mutation: You are occasionally teleported next to
                  | monsters. [potion of mutation]
 76177 | Depths:3 | Gained mutation: You are partially covered in iridescent
                  | scales. (AC +2) [potion of mutation]
 76177 | Depths:3 | Gained mutation: You have very sharp teeth. [potion of
                  | mutation]
 76178 | Depths:3 | Lost mutation: You are occasionally teleported next to
                  | monsters. [potion of mutation]
 76178 | Depths:3 | Lost mutation: You are partially covered in iridescent
                  | scales. (AC +2) [potion of mutation]
 76178 | Depths:3 | Lost mutation: You have very sharp teeth. [potion of
                  | mutation]
 76178 | Depths:3 | Gained mutation: You have a pair of small horns on your
                  | head. [potion of mutation]
 76178 | Depths:3 | Gained mutation: Armour fits poorly on your strangely
                  | shaped body. [potion of mutation]
 76178 | Depths:3 | Gained mutation: You have sharp fingernails. [potion of
                  | mutation]
 76179 | Depths:3 | Lost mutation: You have sharp fingernails. [potion of
                  | mutation]
 76179 | Depths:3 | Lost mutation: Armour fits poorly on your strangely shaped
                  | body. [potion of mutation]
 76179 | Depths:3 | Gained mutation: You have sharp toenails. [potion of
                  | mutation]
 76179 | Depths:3 | Gained mutation: You have hidden genetic defects. [potion
                  | of mutation]
 76179 | Depths:3 | Gained mutation: You possess an exceptional clarity of
                  | mind. [potion of mutation]
 76426 | Zot:5    | Noticed an orb of fire
 76438 | Zot:5    | Killed an orb of fire
 76549 | Zot:5    | Gained Olfrun as an ally
 76550 | Zot:5    | Your ally Olfrun died
 77220 | Zot:5    | Gained mutation: You are dopey. (Int -2) [hidden defects]
 77772 | Zot:5    | Lost mutation: You are dopey. (Int -2) [potion of mutation]
 77772 | Zot:5    | Lost mutation: You have hidden genetic defects. [potion of
                  | mutation]
 77772 | Zot:5    | Lost mutation: You possess an exceptional clarity of mind.
                  | [potion of mutation]
 77772 | Zot:5    | Lost mutation: You have a pair of small horns on your head.
                  | [potion of mutation]
 77772 | Zot:5    | Gained mutation: Your system is resistant to poisons.
                  | (rPois) [potion of mutation]
 77773 | Zot:5    | Got the Orb of Zot
 77914 | Depths:4 | Noticed Wehamun the pandemonium lord
 78415 | D:3      | Noticed a seraph
 78466 | D:$      | Escaped with the Orb!

Illustrated notes

Levels and vault maps discovered:
D:1:      amcnicky_arrival_wind_blow, layout_rooms, minmay_misc_feat_cross,
          chequers_garden
D:2:      layout_loops_corners, ebering_ecumenical_altar_rust, uniq_jessica,
          uniq_natasha, uniq_sigmund
D:3:      layout_basic, nicolae_ashenzari_skybound, uniq_ijyb, uniq_grinder,
          uniq_crazy_yiuf_cottage
D:4:      layout_loops_corners, chequers_serial_rivers_micro_e,
          hangedman_abyss_or_decor_stabs
D:5:      layout_gridville, minmay_joined_circles
D:6:      layout_basic, temple_green
D:7:      layout_basic, chequers_temple_overflow_minitemple,
          nicolae_uskayaw_suspiria, grunt_tough_drop, uniq_menkaure
D:8:      layout_loops_corners, mainiacjoe_overflow_alcove_2,
          mainiacjoe_overflow_24_doors, serial_shops, kennysheep_mini,
          dk_vineyard_3, kennysheep_another_room
D:9:      nicolae_moon_pools, layout_gridville, mainiacjoe_overflow_brackets,
          xom_teletrap_fun, kiku_gazebo_garden_becter
D:10:     layout_cave_pools, nicolae_qazlal_eye_of_the_storm,
          david_lair_shrubbed, zombieorc2_lemuel, enter_bailey_2, serial_shops,
          nicolae_shop_hallway_stairs
D:11:     layout_basic, uniq_snorg
D:12:     minmay_distorted_concentric_squares, layout_rooms, minivault_16,
          minmay_misc_feat_room, minmay_beelzebubs_servants, uniq_gastronok
D:13:     layout_long_grid, david_vaults_4, minmay_shattered_shrine
D:14:     minmay_tearing_corner, layout_long_grid, roderic_roman_lattice,
          minmay_misc_feat_columns
D:15:     grunt_enter_depths_magical_seal, layout_basic,
          minmay_misc_feat_enclosed, minivault_10, minmay_gold_behind_fungi,
          minivault_11, uniq_josephine
Lair:1:   layout_gridlike, nzn_ghost_randoct, grunt_forest_large_clearings,
          grunt_megastairs_2
Lair:2:   layout_chaotic_city, nicolae_swamp_entry_splash_gauntlet,
          beast_lair_carwin_8, lemuel_fruit_fields
Lair:3:   layout_roguey, nicolae_snake_entry_squirm,
          portal_ice_cave_entry_pillars_1, uniq_fannar, uniq_nergalle
Lair:4:   nzn_winding_woodlands_cross [nzn_winding_woodlands_5x15_pockets,
          nzn_winding_woodlands_5x15_jagged,
          nzn_winding_woodlands_5x15_pathside_ponds,
          nzn_winding_woodlands_5x15_split_checker,
          nzn_winding_woodlands_15x15_killbox], layout_regular_city,
          infiniplex_staircase_pool_2
Lair:5:   minmay_lair_end_frog_pond, layout_regular_city, slime_entry_2
Swamp:1:  layout_falls_marsh, wheals_swamp_sinkhole, swamp_pool1,
          st_swamp_ruins_4, infiniplex_staircase_pool
Swamp:2:  layout_basic_swamp, evilmike_swamp_ruin_house_1, swamp_pool3
Swamp:3:  cheibrodos_swamp_heart_of_darkness, layout_falls_marsh,
          gammafunk_ghost_split, evilmike_swamp_ruin_house_2, swamp_pool1
Swamp:4:  byrel_swamp_growth_death_and_undeath, layout_basic_swamp
Snake:1:  layout_rooms, grunt_megastairs_1, minmay_shop_grove
Snake:2:  layout_rooms, basic_altar, nicolae_snake_flat_spine
Snake:3:  layout_rooms, serial_shops, nicolae_stop_n_shop_2,
          hellmonk_ghost_happy_afterlife, serial_bayou_shore_a, uniq_bai_suzhen,
          uniq_vashnia
Snake:4:  grunt_snake_rune_spirals, layout_concentric_octagons, basic_altar,
          nicolae_snake_slithery_corners, grunt_ministairs_2, uniq_louise
Orc:1:    layout_caves, serial_shops, shop, sword_in_stone
Orc:2:    st_orc_pillars, layout_caves, special_room, basic_altar, serial_shops,
          bzr_entry_dummy, shop, shop, mumra_transporter_accident, uniq_donald
Vaults:1: nicolae_vaults_circle_grid_b, hangedman_vaults_trim,
          nicolae_vaults_big_angled_halls, vaults_room_ringed_pool,
          nicolae_vaults_little_squares_3, grunt_vaults_funnel,
          layout_vaults_quadrants, enter_trove_3, serial_shops,
          nicolae_shop_trees
Vaults:2: minmay_crypt_entry_simple_box, vaults_room_corners, v_misc_5,
          v_pattern_4, hangedman_vaults_pinch, v_rooms_6,
          hangedman_vaults_stagger, nicolae_vaults_little_squares_4,
          grunt_vaults_hallway_long, st_more_cells, ontoclasm_vaults_hangar,
          vaults_dpeg_emergency_exit, nicolae_vaults_little_squares_3,
          layout_vaults_omnibox, serial_shops, nicolae_shop_hallway_plus
Vaults:3: grunt_vaults_hallway_short, vaults_room_grid, hangedman_vaults_trim,
          hangedman_vaults_nails, ontoclasm_vaults_ring_large,
          nicolae_vaults_little_squares_1, nicolae_vaults_diagonal_hallway_8,
          nicolae_vaults_bisected_inception, st_hourglassy,
          nicolae_vaults_windows_and_doors_thing, v_misc_23,
          grunt_vaults_bifocal, hangedman_vaults_hat, vaults_mumra_chevron_long,
          ontoclasm_vaults_twist, layout_vaults_maze_snakey
Vaults:4: vaults_mumra_hex, vaults_mumra_minichess, hangedman_vaults_nodes,
          ontoclasm_vaults_ligature, nicolae_vaults_ring_of_whatevers,
          ontoclasm_vaults_hangar, nicolae_vaults_triangles, vaults_dpeg_doors,
          vaults_dpeg_ring, ontoclasm_vaults_shuriken, hangedman_vaults_impose,
          layout_vaults_omnicross, serial_shops,
          nicolae_shop_bloodbath_and_beyond, serial_hangedman_research,
          hangedman_research_metamorphosis
Vaults:5
Crypt:1:  ragdoll_tomb_raider, layout_misc_corridors, grunt_crypt_arrival_split,
          lemuel_upstairs_altar
Crypt:2:  minmay_guarded_unrand_majin_bo, layout_regular_city,
          lightli_enter_wizlab_magi_temple, chequers_big_river
Crypt:3:  david_glass_crypt, layout_rooms, corexii_hall_statues_x
Tomb:1
Depths:1: layout_big_octagon, dk_noncrumbling_4, lightli_too_deep,
          minmay_misc_feat_five, nicolae_wu_jian_glorious_leap,
          grunt_megastairs_4
Depths:2: evilmike_negative_zone, layout_gridlike, rand_demon_pan_entry_4,
          serial_corexii_hall, corexii_hall_statues_x, corexii_hall_statues_x,
          chequers_hall_statues_y, pf_hell_entry_great_geh,
          minmay_staircase_windowed_small
Depths:3: minmay_guarded_unrand_sceptre_of_torment, layout_gridville,
          hellmouth_3, minmay_fountain_box, abyss_entry
Depths:4: grunt_zot_entry_gee_three, layout_basic, enter_ziggurat_a, pan_entry,
          hell_entry, minmay_st_funbox, serial_bayou_crossing
Zot:1:    layout_concentric_octagons, gammafunk_ghost_tricky_traps,
          uniq_josephina
Zot:2:    layout_gridville
Zot:3:    hangedman_snap_crack_crunch, layout_onion, zot_minivault_2,
          uniq_parghit
Zot:4:    lemuel_draconian_sentries, layout_basic, uniq_vv
Zot:5:    layout_misc_corridors, nicolae_diode_stairs

Skill      XL: |  1  2  3  4  5  6  7  8  9 10 11 12 13 14 15 16 17 18 19 20 21 22 23 24 25 26 27 |
---------------+----------------------------------------------------------------------------------+-----
Axes           | 3 5 6 7 8 10 12 14 15 17 19 20 21 22 | 22.0
Fighting       | 4 5 6 7 8 9 11 12 13 14 15 16 17 18 19 20 21 22 23 24 26 | 26.1
Shields        | 4 5 6 7 8 10 11 13 15 16 18 20 21 22 23 24 25 26 | 26.6
Invocations    | 4 5 6 9 10 11 12 14 17 19 21 23 27 | 27.0
Armour         | 4 6 7 9 10 11 12 13 15 16 17 18 19 20 21 22 23 | 23.5
Throwing       | 4 5 6 8 10 11 12 | 12.0
Evocations     | 2 5 |  5.0
Dodging        | 4 6 7 |  7.9

Action                     |  1- 3 |  4- 6 |  7- 9 | 10-12 | 13-15 | 16-18 | 19-21 | 22-24 | 25-27 || total
---------------------------+-------+-------+-------+-------+-------+-------+-------+-------+-------++-------
  Melee: War axe           |   106 |    59 |    43 |       |       |       |       |       |       ||   208
         Hand axe          |       |       |   354 |   566 |     8 |       |       |       |       ||   928
         Broad axe         |       |       |       |    57 |   619 |   645 |   812 |   867 |   970 ||  3970
         Headbutt          |       |       |       |       |       |       |       |       |    40 ||    40
  Throw: Boomerang         |       |       |       |    11 |    10 |    20 |     5 |     4 |   123 ||   173
 Invoke: Convert to Beogh  |       |       |     1 |       |       |       |       |       |       ||     1
         Recall Orcish Fol |       |       |       |     4 |     4 |     8 |    17 |     9 |     5 ||    47
         Smiting           |       |       |       |     8 |     3 |       |       |     7 |    19 ||    37
         Resurrection      |       |       |       |       |     1 |     2 |     2 |     4 |     1 ||    10
         Give Item to Name |       |       |       |       |       |     4 |     3 |     2 |     1 ||    10
  Evoke: Wand              |       |     2 |       |    10 |     3 |     6 |     2 |       |     7 ||    30
         Condenser vane    |       |       |       |       |     1 |     4 |     3 |     3 |     2 ||    13
         Box of beasts     |       |       |       |       |       |       |     3 |       |       ||     3
         Phial of floods   |       |       |       |       |       |       |     1 |       |       ||     1
         Phantom mirror    |       |       |       |       |       |       |       |       |     3 ||     3
    Use: Potion            |     1 |       |     1 |       |     5 |    11 |     6 |    17 |    20 ||    61
         Scroll            |       |     2 |     4 |    18 |     4 |    12 |     6 |     4 |    28 ||    78
   Stab: Invisible         |       |       |       |     6 |     3 |     2 |       |       |    11 ||    22
         Distracted        |       |       |       |     5 |     9 |    14 |    18 |    10 |     9 ||    65
         Confused          |       |       |       |       |       |     1 |       |     1 |       ||     2
         Paralysed         |       |       |       |       |       |       |     3 |       |       ||     3
         Fleeing           |       |       |       |       |       |       |       |       |     1 ||     1
 Armour: Scale mail        |    54 |    20 |   149 |   167 |       |       |       |       |       ||   390
         Plate armour      |       |       |       |    35 |   235 |   311 |       |    81 |   265 ||   927
         Chain mail        |       |       |       |       |       |     1 |   215 |   151 |       ||   367
         Skin              |       |       |       |       |       |       |     1 |    22 |    12 ||    35
  Dodge: Dodged            |    51 |    35 |    86 |   141 |    69 |   101 |    94 |    91 |   134 ||   802
  Block: Buckler           |    22 |    14 |    27 |       |       |       |       |       |       ||    63
         Kite shield       |     6 |       |   145 |   285 |       |       |       |       |       ||   436
         Reflection        |       |       |     2 |     5 |       |     8 |    33 |    69 |    19 ||   136
         Tower shield      |       |       |       |    49 |   484 |   748 |   804 |   987 |  1031 ||  4103

Table legend: (Time is in decaauts)
 A = Elapsed time spent in this place.
 B = Non-inter-level travel time spent in this place.
 C = Inter-level travel time spent in this place.
 D = Time resting spent in this place.
 E = Time spent auto-exploring this place.
 F = Levels seen in this place.
 G = Mean time per level.
                   A        B        C        D        E       F      G
               +--------+--------+--------+--------+--------+-----+--------+
         Total |  77547 |  70455 |   7092 |   9678 |  48265 |  54 | 1436.1 |
       Dungeon |  15800 |  13758 |   2042 |    646 |  10280 |  15 | 1053.3 |
          Lair |   4868 |   4181 |    687 |      0 |   3358 |   5 |  973.6 |
         Swamp |   4120 |   3831 |    289 |    834 |   2177 |   4 | 1030.0 |
     Snake Pit |   4307 |   3885 |    422 |    850 |   2146 |   4 | 1076.8 |
  Orcish Mines |   1395 |   1227 |    168 |      7 |    834 |   2 |  697.5 |
        Vaults |   9423 |   8519 |    904 |    927 |   5968 |   5 | 1884.6 |
         Crypt |   5757 |   5576 |    181 |    492 |   4279 |   3 | 1919.0 |
          Tomb |   2768 |   2636 |    132 |    600 |   1704 |   1 | 2768.0 |
        Depths |  12433 |  10921 |   1512 |   1138 |   8523 |   4 | 3108.2 |
           Zot |  12536 |  11784 |    752 |   4030 |   6224 |   5 | 2507.2 |
         Abyss |   1182 |   1182 |      0 |      0 |    775 |   2 |  591.0 |
        Bazaar |    159 |    159 |      0 |      0 |     99 |   1 |  159.0 |
        Bailey |    364 |    364 |      0 |      0 |    189 |   1 |  364.0 |
      Ice Cave |    970 |    970 |      0 |    150 |    454 |   1 |  970.0 |
        Wizlab |   1457 |   1457 |      0 |      0 |   1254 |   1 | 1457.0 |
               +--------+--------+--------+--------+--------+-----+--------+

Top non-repeatable levels by time:
Depths:2: 5141 daAuts
   Zot:5: 3869 daAuts
Vaults:5: 3246 daAuts
Depths:4: 2937 daAuts
  Tomb:1: 2768 daAuts
Depths:3: 2533 daAuts
 Crypt:1: 2468 daAuts
   Zot:1: 2418 daAuts
   Zot:3: 2190 daAuts
   Zot:4: 2144 daAuts
    D:15: 1970 daAuts
   Zot:2: 1913 daAuts
 Snake:4: 1836 daAuts
Depths:1: 1820 daAuts
Vaults:1: 1741 daAuts
